 Dungeon Crawl Stone Soup version 0.22.1-2-g9c5b331 (webtiles) character file.

21 MalarOregon the Chiller (level 2, -2/21 HPs)
             Began as a Merfolk Ice Elementalist on Nov 21, 2018.
             Slain by a worm (5 damage)
             ... on level 2 of the Dungeon.
             The game lasted 00:02:43 (1181 turns).

MalarOregon the Chiller (Merfolk Ice Elementalist)  Turns: 1181, Time: 00:02:44

Health: -2/21      AC:  2    Str:  8    XL:     2   Next: 83%
Magic:  0/5        EV: 13    Int: 14    God:
Gold:   57         SH:  4    Dex: 14    Spells: 2/5 levels left

rFire    . . .     SeeInvis .   f - +0 dagger
rCold    . . .     Gourm    .   (no shield)
rNeg     . . .     Faith    .   a - +0 robe
rPois    .         Spirit   .   (no helmet)
rElec    .         Reflect  +   (no cloak)
rCorr    .         Harm     .   (no gloves)
MR       .....                  (no boots)
Stlth    ++........             h - +4 amulet of reflection
HPRegen  0.07/turn              (no ring)
MPRegen  0.09/turn              (no ring)

@: very slightly contaminated
A: change form in water, swift swim, stealthy swim
a: no special abilities


You were on level 2 of the Dungeon.
You were hungry.

You visited 1 branch of the dungeon, and saw 2 of its levels.

You collected 57 gold pieces.

Inventory:

Hand Weapons
 f - a +0 dagger (weapon)
   (You took it off a goblin on level 1 of the Dungeon)
Missiles
 b - 32 stones (quivered)
Armour
 a - a +0 robe (worn)
Jewellery
 h - a +4 amulet of reflection (around neck)
   (You found it on level 1 of the Dungeon)
Scrolls
 c - a scroll of blinking {unknown}
 d - a scroll of noise {unknown}
 g - a scroll of identify {unknown}
Comestibles
 e - 3 rations {!d}


   Skills:
 + Level 1.0 Fighting
 + Level 3.2 Dodging
 - Level 2.1 Stealth
 + Level 2.2 Spellcasting
 - Level 0.7 Conjurations
 + Level 3.6 Ice Magic


You had 2 spell levels left.
You knew the following spells:

 Your Spells              Type           Power        Failure   Level  Hunger
a - Freeze                Ice            ##..         5%          1    #......
x - Throw Frost           Conj/Ice       #.....       14%         2    ###....

Your spell library contained the following spells:

 Spells                   Type           Power        Failure   Level  Hunger
 Ozocubu's Armour         Chrm/Ice       #.......     32%         3    ###....
 Throw Icicle             Conj/Ice       #.......     67%         4    #####..
 Summon Ice Beast         Ice/Summ       #.......     73%         4    #####..


Dungeon Overview and Level Annotations

Branches:
Dungeon (2/15)

Altars:


Message History

You climb downwards.
A bat comes into view.
There is a stone staircase leading up here.
A bat is nearby!
The helpless bat fails to defend itself.
You puncture the bat!
You kill the bat!
Found 8 gold pieces.
You see here a bat corpse.
You butcher the bat corpse.
i - a chunk of flesh Eating a chunk of flesh.
You eat the chunk of flesh.
A worm comes into view.
Found 18 gold pieces, 20 sling bullets and a spear.
A worm is nearby!
Aim: a worm The puff of frost hits the worm.
Aim: a worm (lightly wounded)
You miscast Throw Frost.
You are very lightly contaminated with residual magic.
A chill runs through your body.
Aim: a worm (lightly wounded)
You freeze the worm. The worm barely misses you.
You hit the worm. You hit the worm. The worm bites you.
You barely miss the worm. The worm closely misses you.
You hit the worm. You hit the worm.
A jackal comes into view.
The worm closely misses you.
The jackal barks!
You barely miss the worm. The jackal bites you. x2
You hit the jackal but do no damage. The jackal barely misses you.
The worm completely misses you.
You hit the jackal but do no damage. You block the jackal's attack. x2
You block the worm's attack.
Aim: a jackal You freeze the jackal.
The jackal barely misses you.
You hit the jackal but do no damage. The jackal completely misses you.
The worm completely misses you.
You are feeling hungry.
You barely miss the jackal. The jackal closely misses you.
The jackal bites you.
You hit the jackal but do no damage. The jackal misses you. The worm bites you!
Ouch! That really hurt!
* * * LOW HITPOINT WARNING * * *
You hit the jackal. The jackal bites you.
* * * LOW HITPOINT WARNING * * *
The jackal misses you. The worm bites you.
You die...

..(.)## #.
........ ..
......# #.
.....### # #.
#....... #.
##.##$...##
#..#...#.....#$.
#....#.h........
#.<.#@w...#.
##.##....##
#.##.......#
#.#####.#### #.#
.# ..# # ###


You could see a worm and a jackal.

Vanquished Creatures
  2 leopard geckos (D:1)
  2 bats
  A giant cockroach (D:1)
  3 goblins (D:1)
  2 hobgoblins (D:1)
  3 kobolds (D:1)
  A frilled lizard (D:1)
  2 rats (D:1)
16 creatures vanquished.

Notes
Turn   | Place    | Note
-------+----------+-------------------------------------------
     0 | D:1      | MalarOregon the Merfolk Ice Elementalist began the quest
                  | for the Orb.
     0 | D:1      | Reached XP level 1. HP: 13/13 MP: 3/3
   398 | D:1      | Reached XP level 2. HP: 18/20 MP: 3/5
   412 | D:1      | Learned a level 2 spell: Throw Frost
   617 | D:1      | HP: 1/20 [kobold/short sword (2)]
   714 | D:1      | Reached skill level 1 in Fighting
  1181 | D:2      | Slain by a worm

Skill      XL: |  1  2 |
---------------+-------+-----
Dodging        | 3 |  3.2
Fighting       | 1 |  1.0
Stealth        | |  2.1
Spellcasting   | |  2.2
Conjurations   | |  0.7
Ice Magic      | |  3.6

Action                   || total
-------------------------++-------
Melee: Dagger            ||    35
Throw: Stone             ||    30
 Cast: Freeze            ||    12
       Throw Frost       ||     6
 Stab: Sleeping          ||     3
  Eat: Chunk             ||     1
Armor: Robe              ||     4
Dodge: Dodged            ||    36
Block: Other             ||     3
